 Dungeon Crawl Stone Soup version 0.22-a0-305-gd21a89c (webtiles) character file.

84 Borgoz the Skirmisher (level 4, -1/40 HPs)
             Began as a Hill Orc Abyssal Knight on Mar 31, 2018.
             Was a Believer of Lugonu.
             Killed by divine providence
             ... invoked by an orc priest
              (15 damage)
             ... on level 2 of the Dungeon.
             The game lasted 00:03:11 (2235 turns).

Borgoz the Skirmisher (Hill Orc Abyssal Knight)     Turns: 2235, Time: 00:03:12

Health: -1/40      AC:  3    Str: 14    XL:     4   Next: 46%
Magic:  6/6        EV: 11    Int: 12    God:    Lugonu [**....]
Gold:   51         SH:  0    Dex: 11    Spells: 3/3 levels left

rFire    . . .     SeeInvis .   a - +1 hand axe
rCold    . . .     Gourm    .   (no shield)
rNeg     . . .     Faith    .   b - +0 leather armour
rPois    .         Spirit   .   (no helmet)
rElec    .         Reflect  .   (no cloak)
rCorr    .         Harm     .   (no gloves)
MR       .....                  (no boots)
Stlth    +.........             (no amulet)
HPRegen  0.13/turn              (no ring)
MPRegen  0.10/turn              (no ring)

@: no status effects
A: no striking features
a: Depart the Abyss, Bend Space, Renounce Religion, Convert to Beogh


You were on level 2 of the Dungeon.
You worshipped Lugonu.
Lugonu was pleased with you.
You were not hungry.

You visited 1 branch of the dungeon, and saw 2 of its levels.
You visited the Abyss 1 time.

You collected 51 gold pieces.

Inventory:

Hand Weapons
 a - a +1 hand axe (weapon)
Armour
 b - a +0 leather armour (worn)
Scrolls
 d - a scroll of identify {unknown}
 e - a scroll of fog {unknown}
 i - 2 scrolls of remove curse {unknown}
Potions
 f - 2 potions of curing
 g - 2 potions of mutation {unknown}
 h - a potion of might {unknown}
 j - a potion of degeneration {unknown}
 l - a potion of haste {unknown}
Comestibles
 c - 2 rations
 k - 2 chunks of flesh


   Skills:
 + Level 4.2 Fighting
 + Level 3.5 Axes
 + Level 3.0 Armour
 + Level 1.5 Dodging
 + Level 3.4 Invocations


You had 3 spell levels left.
You didn't know any spells.

Dungeon Overview and Level Annotations

Branches:
Dungeon (2/15)

Altars:
Ashenzari
Fedhas


Message History

You hit the orc.
The orc is almost dead.
The orc hits you but does no damage.
The orc wizard mumbles some strange words.
The orc wizard seems to speed up.
You hear a shout!
An orc comes into view. It is wielding a hand axe.
It was a potion of curing.
You feel better. The orc hits you but does no damage.
The orc priest calls down the wrath of Beogh upon you.
Beogh smites you!
A goblin comes into view.
Unknown command.
Unknown command.
You hit the orc.
You kill the orc!
Lugonu accepts your kill.
The orc priest mumbles some strange prayers to Beogh against you.
Beogh smites you!
You die... ##.## .g. ow.

.o. #o# #.# ### ## #o#
#.. .. ..# ##@## #.# #.#
#.# ##...## #.# #.# #.#
##.....## #.###.# #.#
#.......###.##..# #.#
#.........##.#..)###.#
.'.........'((.........
###.......†.##.#...###.#
##.......###.........#
##.....## #####.#####


You could see a worm, 2 orc priests, an orc wizard, an orc and a goblin.

Vanquished Creatures
  3 adders (D:2)
  2 worms (D:2)
  A leopard gecko (D:1)
  An orc (D:2)
  2 giant cockroaches (D:1)
  6 goblins
  10 hobgoblins
  2 jackals (D:2)
  6 kobolds
  4 bats
  14 frilled lizards
  2 rats (D:1)
53 creatures vanquished.

Notes
Turn   | Place    | Note
-------+----------+-------------------------------------------
     0 | Abyss:1  | Borgoz the Hill Orc Abyssal Knight began the quest for the Orb.
     0 | Abyss:1  | Reached XP level 1. HP: 19/19 MP: 2/2
    58 | D:1      | Escaped the Abyss
   335 | D:1      | Reached skill level 1 in Dodging
   335 | D:1      | Reached XP level 2. HP: 20/27 MP: 3/3
   718 | D:1      | Reached * piety under Lugonu
   814 | D:1      | Reached XP level 3. HP: 19/33 MP: 5/5
  1102 | D:1      | Reached skill level 4 in Fighting
  1413 | D:2      | Reached XP level 4. HP: 17/40 MP: 6/6
  1675 | D:2      | Found a shattered altar of Ashenzari.
  2023 | D:2      | Reached ** piety under Lugonu
  2077 | D:2      | Found a blossoming altar of Fedhas.
  2235 | D:2      | Killed from afar by an orc priest

Vault maps used:
D:1:      saegor_arrival_under_anarchy, minmay_lizard_king
D:2:      fedhas_altar_1, ashenzari_altar_1

Skill      XL: |  1  2  3  4 |
---------------+-------------+-----
Dodging        | 1 |  1.5
Axes           | 3 |  3.5
Fighting       | 4 |  4.2
Invocations    | 3 |  3.4
Armour         | 3 |  3.0

Action                   |  1- 3 |  4- 6 || total
-------------------------+-------+-------++-------
Melee: Hand axe          |   123 |    50 ||   173
Invok: Depart the Abyss  |     1 |       ||     1
  Use: Potion            |       |     1 ||     1
  Eat: Chunk             |     1 |     3 ||     4
Armor: Leather armour    |    33 |    14 ||    47
Dodge: Dodged            |    97 |    30 ||   127

Table legend:
 A = Spawn XP
 B = Non-spawn XP
 C = Spawn XP percentage of total XP
 D = Spawn monster count
 E = Non-spawn monster count
 F = Spawn count percentage of total count
 G = Total turns spent on level
                    A         B        C        D         E        F      G
               +---------+---------+-------+---------+---------+-------+---------
         Total |       0 |     121 |   0.0 |       0 |      53 |   0.0 |  2235
               +---------+---------+-------+---------+---------+-------+---------
           D:1 |       0 |      53 |   0.0 |       0 |      37 |   0.0 |  1256
           D:2 |       0 |      68 |   0.0 |       0 |      16 |   0.0 |   921
               +---------+---------+-------+---------+---------+-------+---------
